 Dungeon Crawl Stone Soup version 0.31-a0-188-g5e087ee2ca (webtiles) character file.

Game seed: 2392369543548490279

60 qw the Shooter (level 3, -5/20 HPs)
             Began as a Deep Elf Hunter on June 23, 2023.
             Slain by a gnoll
             ... wielding a +0 flail
              (13 damage)
             ... on level 2 of the Dungeon.
             The game lasted 00:00:28 (957 turns).

qw the Shooter (Deep Elf Hunter)                     Turns: 957, Time: 00:00:28

Health: -5/20      AC:  3    Str: 16    XL:     3   Next: 82%
Magic:  5/5        EV: 12    Int: 13    God:
Gold:   89         SH:  0    Dex: 18    Spells: 2/2 levels left

rFire   . . .        Y - +1 shortbow
rCold   . . .        (shield currently unavailable)
rNeg    . . .        c - +0 leather armour
rPois   .            (no helmet)
rElec   .            (no cloak)
rCorr   .            (no gloves)
SInv    .            (no boots)
Will    .....        (no amulet)
Stlth   ++           i - +6 ring of strength
HPRegen 0.23/turn    (no ring)
MPRegen 0.09/turn

%: no passive effects
@: lethally poisoned (-5 -> -12)
A: no striking features
a: no special abilities


You were on level 2 of the Dungeon.
You visited 1 branch of the dungeon, and saw 2 of its levels.

You collected 89 gold pieces.


   Skills:
 - Level 1.5 Fighting
 + Level 7.3 Ranged Weapons
 - Level 2.4 Dodging
 - Level 1.2 Stealth


You had 2 spell levels left.
You didn't know any spells.
Your spell library was empty.

Inventory:

Hand Weapons
 Y - a +1 shortbow (weapon)
Armour
 c - a +0 leather armour (worn)
Jewellery
 f - a ring of poison resistance
 i - a +6 ring of strength (left hand)
Scrolls
 a - a scroll of enchant armour {unknown}
 d - 3 scrolls of identify
 j - 2 scrolls of teleportation {unknown}
Potions
 b - 2 potions of enlightenment {unknown}
 e - a potion of curing
 g - a potion of heal wounds
 h - a potion of magic {unknown}

Dungeon Overview and Level Annotations

Branches:
Dungeon (2/15)

Altars:


Message History

Enter note:
Enter note: You shoot an arrow.
The arrow hits the gnoll but does no damage.
The gnoll shouts!
A gnoll comes into view. It is wielding a +0 spear of venom.
You shoot an arrow. The gnoll shouts!
The arrow hits the gnoll.
The gnoll is moderately wounded.
You hear a shout! x2; You hear an angry hiss.
You shoot an arrow. The arrow hits the gnoll.
The gnoll is severely wounded.
You shoot an arrow. The arrow barely misses the gnoll.
The arrow hits the gnoll.
The gnoll is moderately wounded.
You shoot an arrow. The arrow barely misses the gnoll.
The arrow hits the gnoll.
The gnoll is heavily wounded.
You shoot an arrow. The arrow hits the gnoll!
You kill the gnoll!
You shoot an arrow. The arrow hits the gnoll.
The gnoll is almost dead.
You shoot an arrow. The arrow hits the gnoll!
The gnoll is heavily wounded.
You shoot an arrow. The arrow closely misses the gnoll.
A frilled lizard comes into view.
A gnoll comes into view. It is wielding a +0 spear.
You shoot an arrow. The frilled lizard hisses angrily.
The arrow hits the gnoll but does no damage.
The gnoll is almost dead.
The gnoll hits you from afar with a +0 spear of venom.
You shoot an arrow. The arrow barely misses the gnoll. x2
The arrow misses the frilled lizard.
The arrow closely misses the gnoll.
The gnoll hits you from afar with a +0 spear of venom.
You are poisoned.
You shoot an arrow. The arrow barely misses the gnoll.
You feel very sick. The gnoll hits you with a +0 flail!
Ouch! That really hurt!
You die...

.g. #'# #l#
#.### ##...
###.g.#####
#.........#
#.@g# ##..#
#..#######
#.........
#.########
#.# #.#
######.###
#........####
########


You could see 3 gnolls and a frilled lizard.

Vanquished Creatures
  A gnoll (D:2)
  A dart slug (D:2)
  6 ball pythons
  8 endoplasms (D:1)
  2 giant cockroaches
  7 goblins
  7 hobgoblins
  2 quokkas
  A bat (D:1)
  4 frilled lizards
  A kobold (D:1)
  A rat (D:1)
41 creatures vanquished.

Notes
Turn   | Place    | Note
-------+----------+-------------------------------------------
     0 | D:1      | qw the Deep Elf Hunter began the quest for the Orb.
     0 | D:1      | Reached XP level 1. HP: 12/12 MP: 3/3
     0 | D:1      | 0 ||| qw: Version: 0.3-a-9-g12657ce
     0 | D:1      | 0 ||| qw: Game counter: 3894
     0 | D:1      | 0 ||| qw: Always use a shield: true
     0 | D:1      | 0 ||| qw: God list: Okawaru
     0 | D:1      | 0 ||| qw: Allow faded altars: false
     0 | D:1      | 0 ||| qw: Do Orc after D:15 true
     0 | D:1      | 0 ||| qw: Do second Lair branch before Depths: true
     0 | D:1      | 0 ||| qw: Lair rune preference: random
     0 | D:1      | 0 ||| qw: Plans: Normal
     0 | D:1      | 0 ||| PLANNING D:1-11
     1 | D:1      | Noticed a minotaur
     2 | D:1      | Noticed a barachi
     6 | D:1      | Noticed a demonspawn
     7 | D:1      | Noticed an elf
    11 | D:1      | Noticed an octopode
    13 | D:1      | Noticed a demigod
    13 | D:1      | Noticed a demonspawn
    15 | D:1      | Noticed an octopode
    15 | D:1      | Noticed a draconian
    17 | D:1      | Noticed a dwarf
    17 | D:1      | Noticed a demigod
    19 | D:1      | Noticed an elf
    19 | D:1      | Noticed a human
    21 | D:1      | Noticed a demigod
    57 | D:1      | Reached XP level 2. HP: 9/16 MP: 4/4
    57 | D:1      | 57 ||| FLEEEEING.
    58 | D:1      | 58 ||| FLEEEEING.
    59 | D:1      | 59 ||| FLEEEEING.
    60 | D:1      | 60 ||| FLEEEEING.
    61 | D:1      | 61 ||| FLEEEEING.
    62 | D:1      | 62 ||| FLEEEEING.
    63 | D:1      | 63 ||| FLEEEEING.
    64 | D:1      | 64 ||| FLEEEEING.
    65 | D:1      | 65 ||| FLEEEEING.
    66 | D:1      | 66 ||| FLEEEEING.
    67 | D:1      | 67 ||| FLEEEEING.
    68 | D:1      | 68 ||| FLEEEEING.
    69 | D:1      | 69 ||| FLEEEEING.
    70 | D:1      | 70 ||| FLEEEEING.
    71 | D:1      | 71 ||| FLEEEEING.
    72 | D:1      | 72 ||| FLEEEEING.
    73 | D:1      | 73 ||| FLEEEEING.
    74 | D:1      | 74 ||| FLEEEEING.
    75 | D:1      | 75 ||| FLEEEEING.
    76 | D:1      | 76 ||| FLEEEEING.
    77 | D:1      | 77 ||| FLEEEEING.
    78 | D:1      | 78 ||| FLEEEEING.
    79 | D:1      | 79 ||| FLEEEEING.
    80 | D:1      | 80 ||| FLEEEEING.
    81 | D:1      | 81 ||| FLEEEEING.
    82 | D:1      | 82 ||| FLEEEEING.
    85 | D:1      | Reached skill level 6 in Ranged Weapons
   320 | D:1      | Reached XP level 3. HP: 20/20 MP: 5/5
   486 | D:1      | 486 ||| UPGRADING to +6 ring of strength.
   487 | D:1      | 487 ||| READING scroll labelled QOCOTI FUYDU.
   488 | D:1      | 488 ||| READING scroll labelled USHRI SYIJO.
   489 | D:1      | 489 ||| READING scroll labelled MOQYINWIBA.
   490 | D:1      | 490 ||| READING scroll labelled EFRONI DUIDWAUF.
   528 | D:1      | 528 ||| DRINKING 2 fuming amethyst potions.
   529 | D:1      | 529 ||| DRINKING 2 viscous black potions.
   530 | D:1      | 530 ||| DROPPING scroll of butterflies.
   669 | D:2      | Reached skill level 7 in Ranged Weapons
   957 | D:2      | Slain by a gnoll

Levels and vault maps discovered:
D:1:      shiori_arrival_whats_in_store_for_you, layout_rooms
D:2:      layout_loops_corners, kennysheep_generic_room_10

Skill      XL: |  1  2  3 |
---------------+----------+-----
Ranged Weapons | 6 7 |  7.3
Fighting       | |  1.5
Dodging        | |  2.4
Stealth        | |  1.2

Action                     || total
---------------------------++-------
   Fire: Shortbow          ||    82
    Use: Scroll            ||     4
         Potion            ||     2
 Armour: Leather armour    ||     3
  Dodge: Dodged            ||     5

Table legend:
 A = Non-vault XP
 B = Vault XP
 C = Vault XP percentage of total XP
 D = Non-vault monster count
 E = Vault monster count
 F = Vault count percentage of total count
                 A         B        C        D         E       F
            +---------+---------+-------+---------+---------+-------
      Total |      84 |       3 |   3.4 |      39 |       2 |   4.9
            +---------+---------+-------+---------+---------+-------
        D:1 |      51 |       0 |   0.0 |      28 |       0 |   0.0
        D:2 |      33 |       3 |   8.3 |      11 |       2 |  15.4
            +---------+---------+-------+---------+---------+-------
